Map: Dusk Towers

Players

Moombaex - Winner!

  • Race: Terran Terran
  • League: Diamond

PerseVerAnce

  • Race: Terran Terran
  • League: Diamond

VOD

Have the link to the VOD?

Description

How do I hold this 1 base all in (and similar variant) where they attack with a bunch of siege tanks and air superiority?

Time

  • Played on: March 6, 2016, 5:32 p.m.
  • Length: 6:24
Show
View Real Time Build Order
Export as new Build Order

Moombaex Terran - Winner!

Build Orders: 1/1/1 

Get SALT Encoding   

  12  0:00  SCV  
  13  0:12  SCV  
  14  0:19  Supply Depot  
  14  0:25  SCV  
  15  0:30  Refinery  
  15  0:40  SCV  
  16  0:45  Barracks  
  16  0:52  SCV  
  17  0:58  Refinery  
  17  1:04  SCV  
  18  1:16  SCV  
  19  1:32  Marine, Orbital Command  
  20  1:36  Factory  
  20  1:50  Supply Depot  
  20  1:52  Marine  
  21  1:58  SCV  
  22  2:09  Marine  
  22  2:12  SCV  
  22  2:14  Supply Depot  
  24  2:24  Starport  
  24  2:25  Factory Tech Lab  
  24  2:29  SCV  
  25  2:44  SCV  
  25  2:45  Siege Tank  
  28  2:58  SCV  
  29  2:59  Marine  
  29  3:02  Viking  
  32  3:08  Supply Depot  
  32  3:10  SCV  
  33  3:17  Siege Tank  
  36  3:22  SCV  
  37  3:30  Supply Depot  
  37  3:33  Viking  
  39  3:37  Marine  
  40  3:49  Siege Tank  
  43  3:57  Supply Depot  
  43  3:59  SCV  
  45  4:05  Viking  
  46  4:14  SCV  
  47  4:19  Supply Depot  
  47  4:29  Siege Tank  
  50  4:41  Viking  
  52  4:51  Marine  
  53  5:01  Siege Tank  
  56  5:09  Marine  
  57  5:30  Viking  
  59  5:41  Siege Tank  
  62  5:44  Marine  
Show
View Real Time Build Order
Export as new Build Order

PerseVerAnce Terran 

Build Orders:  

Get SALT Encoding   

  12  0:00  SCV  
  13  0:12  SCV  
  14  0:17  Supply Depot  
  14  0:24  SCV  
  15  0:39  SCV  
  15  0:40  Barracks  
  16  0:45  Refinery  
  16  0:51  SCV  
  17  1:03  SCV  
  18  1:15  SCV  
  19  1:27  SCV  
  20  1:33  Reaper  
  22  1:44  Command Center  
  22  1:52  Orbital Command  
  21  2:05  Marine  
  22  2:15  Refinery  
  22  2:16  Supply Depot, Factory  
  22  2:18  SCV  
  23  2:37  SCV, Marine  
  25  2:55  Marine  
  25  2:57  SCV, Orbital Command  
  27  3:05  Hellion  
  29  3:07  Starport  
  29  3:09  SCV  
  30  3:21  SCV  
  31  3:29  Marine  
  31  3:32  Hellion  
  31  3:33  SCV  
  35  3:38  SCV, Engineering Bay  
  36  3:44  Viking  
  38  3:50  SCV x2  
  38  3:53  Barracks Reactor  
  40  3:57  Factory Tech Lab  
  40  4:06  Missile Turret  
  40  4:08  SCV x2  
  42  4:13  Missile Turret  
  42  4:16  Cyclone  
  45  4:24  SCV  
  45  4:25  Supply Depot  
  45  4:29  Supply Depot  
  46  4:42  Refinery  
  46  4:46  SCV x2, Medivac, Marine x2  
  46  4:47  Engineering Bay  
  46  4:51  Supply Depot  
  52  5:02  SCV x2, Barracks  
  52  5:03  Barracks  
  52  5:05  Barracks  
  54  5:10  Marine x2  
  56  5:23  Siege Tank  
  56  5:28  Marine x2  
  59  5:39  Medivac  
  61  5:45  Supply Depot  
Tags
 
Matchup
TvT
Opening
1/1/1
Race
Terran
Add a new tag
Caveats
  • Supply blocks, unpowered buildings, or Contaminate may cause inaccurate times.
  • Supply counts are checked every 10 seconds.